 Dungeon Crawl Stone Soup version 0.30-a0-726-gd89dcf765f (webtiles) character file.

Game seed: 11971539653241225758

270 hikkokomori the Firebug (level 6, 0/35 HPs)
             Began as a Deep Elf Wanderer on Jan 30, 2023.
             Slain by an orc
             ... wielding a +0 flail
              (10 damage)
             ... on level 4 of the Dungeon.
             The game lasted 00:05:16 (2642 turns).

hikkokomori the Firebug (Deep Elf Wanderer)         Turns: 2642, Time: 00:05:17

Health: 0/35       AC:  3    Str:  8    XL:     6   Next: 1%
Magic:  2/12       EV: 12    Int: 16    God:
Gold:   172        SH:  0    Dex: 18    Spells: 8/11 levels left

rFire   . . .      SeeInvis .    a - +2 falchion
rCold   . . .      Faith    .    (no shield)
rNeg    . . .      Spirit   .    d - +0 robe
rPois   .          Reflect  .    (no helmet)
rElec   .          Harm     .    o - scarf {shadows}
rCorr   .          Rampage  .    (no gloves)
Will    .....                    r - +0 pair of boots
Stlth   +++                      (no amulet)
HPRegen 0.25/turn                (no ring)
MPRegen 0.13/turn                (no ring)

@: very slightly contaminated, invisible
A: no striking features
a: no special abilities


You were on level 4 of the Dungeon.
You visited 1 branch of the dungeon, and saw 4 of its levels.

You collected 172 gold pieces.

Inventory:

Hand Weapons
 a - a +2 falchion (weapon)
 i - a +1 short sword of electrocution
Missiles
 q - 5 javelins
Armour
 b - a +0 cloak
 d - a +0 robe (worn)
 o - a scarf of shadows (worn)
 r - a +0 pair of boots (worn)
Scrolls
 e - a scroll of enchant armour {unknown}
 f - 2 scrolls of teleportation
 g - a scroll of blinking {unknown}
 h - a scroll of noise {unknown}
 j - a scroll of identify
 l - a scroll of magic mapping {unknown}
 m - a scroll of fog {unknown}
 n - a scroll of vulnerability {unknown}
Potions
 c - 3 potions of curing
 p - a potion of lignification {unknown}
 s - a potion of brilliance {unknown}


   Skills:
 + Level 2.1 Fighting
 + Level 3.0 Long Blades
 - Level 1.0 Armour
 - Level 1.2 Dodging
 + Level 4.3 Stealth
 + Level 3.2 Spellcasting
 + Level 4.4 Fire Magic


You had 8 spell levels left.
You knew the following spells:

 Your Spells              Type           Power      Damage    Failure   Level
a - Foxfire               Conj/Fire      36%        2x1d5     8%          1
b - Wereblood             Tmut           2%         N/A       28%         2

Your spell library contained the following spells:

 Spells                   Type           Power      Damage    Failure   Level
 Sublimation of Blood     Necr           2%         N/A       28%         2
 Kindle Blastsparks       Fire/Tloc/Air  14%        2d11      30%         3
 Summon Hydra             Summ           1%         N/A       100%        7


Dungeon Overview and Level Annotations

Branches:
Dungeon (4/15)
 Temple: D:4-7

Altars:


Message History

Confirm with . or Enter, or press ? or * to list all spells.
You miscast Foxfire.
Nothing appears to happen.
The foxfire hits the orc.
You kill the orc!
The hobgoblin closely misses you.
You strike the helpless orc from behind!
You hit the orc but do no damage.
The orc is lightly wounded.
The hobgoblin misses you.
Casting: Foxfire (safe; 8% risk of failure)
Confirm with . or Enter, or press ? or * to list all spells.
You conjure some foxfire!
The orc hits you but does no damage. The hobgoblin barely misses you.
Casting: Foxfire (safe; 8% risk of failure)
Confirm with . or Enter, or press ? or * to list all spells.
You conjure some foxfire!
The foxfire hits the orc.
The orc is lightly wounded.
The foxfire hits the hobgoblin.
The hobgoblin is heavily wounded.
The orc hits you with a +0 flail. The hobgoblin closely misses you.
Casting: Foxfire (safe; 8% risk of failure)
Confirm with . or Enter, or press ? or * to list all spells.
You conjure some foxfire!
The foxfire hits the orc but does no damage.
The orc priest closely misses you. The orc hits you with a +0 flail.
* * * LOW HITPOINT WARNING * * *
The hobgoblin barely misses you.
Casting: Foxfire (safe; 8% risk of failure)
Confirm with . or Enter, or press ? or * to list all spells.
You conjure some foxfire!
The foxfire hits the orc but does no damage.
The orc priest hits you with a +0 club.
* * * LOW HITPOINT WARNING * * *
The orc closely misses you.
The hobgoblin hits you but does no damage.
Casting: Foxfire (safe; 8% risk of failure)
Confirm with . or Enter, or press ? or * to list all spells.
You conjure some foxfire!
The foxfire hits the orc.
The orc is moderately wounded.
The orc priest misses you. The orc hits you with a +0 flail!
You die...

#........
#........
#........
#........
##........
#.........
#...#
#.go#
#.o@#
#.v>#
#####


You could see an orc priest (unable to see you), an orc (unable to see you, ally
target) and a hobgoblin (unable to see you).

Vanquished Creatures
  A phantom (D:4)
  A jelly (D:4)
  An orc priest (D:4)
  7 adders
  2 worms
  2 dart slugs (D:2)
  8 orcs
  8 bats
  2 endoplasms
  2 giant cockroaches
  5 goblins
  6 hobgoblins
  3 jackals (D:1)
  2 quokkas
  3 ball pythons
  4 frilled lizards
  2 kobolds
  3 rats
62 creatures vanquished.

Vanquished Creatures (others)
  127 foxfires
127 creatures vanquished.

Grand Total: 189 creatures vanquished

Notes
Turn   | Place    | Note
-------+----------+-------------------------------------------
     0 | D:1      | hikkokomori the Deep Elf Wanderer began the quest for the
                  | Orb.
     0 | D:1      | hikkokomori set off with the following items: a +2
                  | falchion, a +0 cloak, a potion of curing, a +0 robe; and
                  | the following spell memorised: Foxfire; and the following
                  | spells available to memorise: Kindle Blastsparks.
     0 | D:1      | Reached XP level 1. HP: 10/10 MP: 5/5
   495 | D:1      | Reached XP level 2. HP: 16/16 MP: 6/6
   866 | D:2      | Reached skill level 1 in Fighting
   866 | D:2      | Reached XP level 3. HP: 16/20 MP: 1/7
  1275 | D:2      | Reached XP level 4. HP: 25/25 MP: 2/9
  1586 | D:2      | Learned a level 2 spell: Wereblood
  2247 | D:4      | Reached XP level 5. HP: 19/30 MP: 10/10
  2424 | D:4      | Noticed a phantom
  2441 | D:4      | Killed a phantom
  2562 | D:4      | Reached XP level 6. HP: 29/35 MP: 6/12
  2642 | D:4      | Slain by an orc

Illustrated notes

Levels and vault maps discovered:
D:1:      dpeg_arrival_arbitrary_b, layout_basic
D:2:      layout_basic
D:3:      layout_rooms
D:4:      nicolae_cairo_tiling_large, layout_basic,
          minmay_temple_entry_statues_pillars, guppyfry_shop_venom

Skill      XL: |  1  2  3  4  5 |
---------------+----------------+-----
Long Blades    | 2 3 |  3.0
Stealth        | 3 4 |  4.3
Fighting       | 1 2 |  2.1
Spellcasting   | 2 3 |  3.2
Fire Magic     | 4 |  4.4
Armour         | |  1.0
Dodging        | |  1.2

Action                     |  1- 3 |  4- 6 || total
---------------------------+-------+-------++-------
  Melee: Falchion          |    72 |    33 ||   105
   Cast: Foxfire           |    20 |    62 ||    82
    Use: Scroll            |       |     2 ||     2
         Potion            |       |     2 ||     2
   Stab: Sleeping          |     4 |     5 ||     9
         Invisible         |       |     1 ||     1
 Armour: Robe              |    27 |    12 ||    39
  Dodge: Dodged            |    47 |    33 ||    80

Table legend: (Time is in decaauts)
 A = Elapsed time spent in this place.
 B = Non-inter-level travel time spent in this place.
 C = Inter-level travel time spent in this place.
 D = Time resting spent in this place.
 E = Time spent auto-exploring this place.
 F = Levels seen in this place.
 G = Mean time per level.
                   A        B        C        D        E       F      G
               +--------+--------+--------+--------+--------+-----+--------+
         Total |   2661 |   2609 |     52 |     91 |   2035 |   4 |  665.2 |
       Dungeon |   2661 |   2609 |     52 |     91 |   2035 |   4 |  665.2 |
               +--------+--------+--------+--------+--------+-----+--------+

Top non-repeatable levels by time:
     D:1: 814 daAuts
     D:2: 810 daAuts
     D:3: 631 daAuts
     D:4: 405 daAuts
